 Dungeon Crawl Stone Soup version 0.30-a0-702-gdf48620a09 (webtiles) character file.

Game seed: 6436598528571075096

2275 Newt the Covered (level 9, -1/106 HPs)
             Began as a Demonspawn Gladiator on Jan 21, 2023.
             Slain by a vampire (5 damage)
             ... on level 6 of the Dungeon.
             The game lasted 00:06:59 (5675 turns).

Newt the Covered (Demonspawn Gladiator)             Turns: 5675, Time: 00:06:59

Health: -1/106     AC: 24    Str: 18    XL:     9   Next: 16%
Magic:  0/9        EV:  2    Int: 10    God:
Gold:   310        SH:  0    Dex: 15    Spells: 8/8 levels left

rFire   + . .      SeeInvis .    o - +1 hand axe (heavy)
rCold   . . .      Faith    .    (no shield)
rNeg    . . .      Spirit   +    (body armour currently unavailable)
rPois   +          Reflect  .    (helmet currently unavailable)
rElec   .          Harm     .    (cloak currently unavailable)
rCorr   .          Rampage  .    (gloves currently unavailable)
Will    .....      NoTele   +    (boots currently unavailable)
Stlth   ++                       (no amulet)
HPRegen 0.37/turn                i - ring of wizardry
MPRegen 0.22/turn                z - ring of protection from fire

@: tree-form (expiring), slowed, very slow
A: stationary, stasis, torment immunity, boosted hp, rugged brown scales 1,
(spiny 3), magic shield, magic regeneration
a: no special abilities


You were on level 6 of the Dungeon.
You were a tree.
You visited 1 branch of the dungeon, and saw 6 of its levels.
You also visited: Sewer.

You collected 310 gold pieces.

Inventory:

Hand Weapons
 a - a +0 rapier
 h - a +0 dagger of venom
 o - a +1 heavy hand axe (weapon)
 s - the +1 trident "Venan" {flame, rPois rF+ Dex+3 SInv}
   (You found it on level 3 of the Dungeon)

   Dex:       It affects your dexterity (+3).
   rF:        It protects you from fire.
   rPois:     It protects you from poison.
   SInv:      It lets you see invisible.
Missiles
 d - 2 throwing nets (quivered)
 e - 4 javelins
 F - 16 poisoned darts
 G - a curare-tipped dart
Armour
 b - a +0 leather armour
 c - a +1 helmet
 k - a +2 animal skin
 l - a +1 helmet (melded)
 n - the +1 ring mail of the Alphagorgon {Str+2}
   (You found it on level 2 of the Dungeon)

   Str:       It affects your strength (+2).
 q - a +1 ring mail of cold resistance
 y - a +4 ring mail (melded)
Jewellery
 i - a ring of wizardry (left branch)
 z - a ring of protection from fire (right branch)
Wands
 r - a wand of paralysis (5)
Scrolls
 w - a scroll of blinking
 B - 2 scrolls of fear
 D - a scroll of magic mapping
Potions
 j - 3 potions of flight
 m - a potion of cancellation
 u - 2 potions of mutation {unknown}
 v - a potion of ambrosia {unknown}
 x - a potion of degeneration {unknown}
 E - 2 potions of might {unknown}


   Skills:
 - Level 6.0 Fighting
 - Level 2.6 Short Blades
 - Level 6.0 Axes
 - Level 1.7 Throwing
 + Level 7.4 Armour
 - Level 2.6 Dodging
 - Level 2.0 Stealth


You had 8 spell levels left.
You didn't know any spells.
Your spell library contained the following spells:

 Spells                   Type           Power      Damage    Failure   Level
 Blink                    Tloc           0%         N/A       22%         2
 Lesser Beckoning         Tloc           0%         N/A       22%         2
 Momentum Strike          Conj/Tloc      0%         3d8       22%         2


Dungeon Overview and Level Annotations

Branches:
Dungeon (6/15)              Sewer (visited)
 Temple: D:4-7

Altars:
Kikubaaqudgha
Yredelemnul

Shops:
D:1 *   D:4 =

Annotations:
D:6 1 transporter


Innate Abilities, Weirdness & Mutations

You are a tree.
Your roots penetrate the ground, keeping you stationary.
You cannot be teleported.
You are immune to unholy pain and torment.
Your maximum health is greatly increased.
Your equipment is partially melded.
(You are partially covered in rugged brown scales. (AC +1, +3% HP))
((You are completely covered in sharp spines.))
When hurt, damage is shared between your health and your magic reserves.
You regenerate magic rapidly.


Message History

Your Armour skill increases to level 7!
Unknown command.
You closely miss the wraith.
The wraith is severely damaged.
You miss something. Something hits you but does no damage.
Something completely misses you. The wraith barely misses you.
The wraith hits you but does no damage. Something hits you.
* * * LOW HITPOINT WARNING * * *
Something bites you but does no damage. The wraith hits you but does no damage.
Something hits you but does no damage. Something bites you.
* * * LOW HITPOINT WARNING * * *
Something draws strength from your injuries!
Unknown command.
You slash the wraith!
You destroy the wraith!
You hit something. Something hits you but does no damage.
Something bites you but does no damage.
You hear some strange, mumbled words.
You are confused.
Unknown command.
You cannot move. (Use ctrl+direction or * direction to attack while stationary and confused.)
You are too confused!
Unknown command.
Unknown command.
You cannot move. (Use ctrl+direction or * direction to attack while stationary and confused.)
You cannot move. (Use ctrl+direction or * direction to attack while stationary and confused.)
You hit something but do no damage. Something hits you but does no damage.
Something bites you but does no damage. Something hits you but does no damage.
Something bites you but does no damage.
You slash something! Something hits you.
* * * LOW HITPOINT WARNING * * *
Something bites you but does no damage. Something hits you but does no damage.
Something bites you but does no damage.
You hit something but do no damage.
Your transformation is almost over.
You feel less confused. Something hits you but does no damage.
Something bites you!
* * * LOW HITPOINT WARNING * * *
Something draws strength from your injuries!
Something hits you!
You die...

.####.. ..>....
###...... .
##......#
..###......####
......©.......#
#############.#
#.|$_!{♣_$(©#.#
#.....††....#..
#..##...##..#..
# #8...8 .#.#
##...# #.#
..©.. .# ##...#
# 8...8


There were no monsters in sight!

Vanquished Creatures
  A wraith (D:6)
  Menkaure (D:6)
  Edmund (D:4)
  A water moccasin (D:5)
  A black bear (D:5)
  An ogre (D:5)
  3 phantoms
  4 kobold brigands (Sewer)
  4 scorpions
  3 necrophages
  2 orc priests
  3 hounds (D:5)
  A jelly (D:5)
  Ijyb (D:3)
  Natasha (thrice) (D:4)
  3 orc wizards (D:4)
  A mummy (D:6)
  Robin (D:2)
  4 gnolls
  8 adders
  2 river rats (Sewer)
  A shadow imp (D:3)
  A white imp (D:5)
  2 worms (Sewer)
  4 dart slugs
  22 orcs
  11 bats
  21 endoplasms
  A giant cockroach (D:1)
  9 goblins
  15 hobgoblins
  9 jackals
  6 quokkas
  10 ball pythons
  8 frilled lizards
  11 kobolds
  8 rats
188 creatures vanquished.

Notes
Turn   | Place    | Note
-------+----------+-------------------------------------------
     0 | D:1      | Newt the Demonspawn Gladiator began the quest for the Orb.
     0 | D:1      | Reached XP level 1. HP: 16/16 MP: 1/1
    92 | D:1      | Reached skill level 1 in Stealth
   383 | D:1      | Found Quclois's General Store.
   418 | D:1      | Gained mutation: You are partially covered in sharp spines.
                  | [demonic ancestry]
   418 | D:1      | Reached XP level 2. HP: 22/22 MP: 2/2
   867 | D:1      | Gained mutation: You are mostly covered in sharp spines.
                  | [demonic ancestry]
   867 | D:1      | Reached XP level 3. HP: 28/28 MP: 3/3
   979 | D:2      | Identified the +1 ring mail of the Alphagorgon {Str+2}
  1150 | D:2      | Reached XP level 4. HP: 37/37 MP: 4/4
  1566 | D:2      | Reached skill level 1 in Armour
  1775 | D:3      | Noticed Robin
  1837 | D:2      | Reached skill level 2 in Armour
  1837 | D:2      | Gained mutation: You regenerate magic rapidly. [demonic
                  | ancestry]
  1837 | D:2      | Reached XP level 5. HP: 29/42 MP: 5/5
  1993 | D:2      | Killed Robin
  2337 | D:2      | Reached skill level 3 in Armour
  2475 | D:3      | Noticed Ijyb
  2477 | D:3      | Paralysed by Ijyb for 5 turns
  2491 | D:3      | Killed Ijyb
  2558 | D:3      | Gained mutation: When hurt, damage is shared between your
                  | health and your magic reserves. [demonic ancestry]
  2558 | D:3      | Reached XP level 6. HP: 48/48 MP: 6/6
  2587 | D:3      | Identified the +1 trident "Venan" {flame, rPois rF+ Dex+3
                  | SInv}
  2895 | D:4      | Noticed Natasha
  2899 | D:4      | Killed Natasha
  2900 | D:4      | Reached skill level 4 in Armour
  2976 | D:4      | Noticed Edmund
  3000 | D:4      | Killed Edmund
  3001 | D:4      | Reached skill level 5 in Armour
  3240 | D:4      | Reached XP level 7. HP: 53/55 MP: 5/7
  3331 | D:4      | Found Cohoaxt's Jewellery Emporium.
  3376 | D:4      | Noticed Natasha
  3384 | D:4      | Killed Natasha
  3467 | D:4      | Reached skill level 5 in Fighting
  3686 | D:4      | Noticed Natasha
  3690 | D:4      | Killed Natasha
  3950 | D:5      | Entered Level 5 of the Dungeon
  3955 | D:5      | HP: 2/57 [water moccasin (4)]
  4118 | D:5      | Reached skill level 1 in Axes
  4237 | D:5      | Gained mutation: You are completely covered in sharp
                  | spines. [demonic ancestry]
  4237 | D:5      | Reached XP level 8. HP: 64/64 MP: 8/8
  4564 | D:5      | Reached skill level 5 in Axes
  4827 | D:6      | Found a glowing drain.
  4837 | Sewer    | Entered a sewer
  5074 | Sewer    | Reached skill level 6 in Armour
  5654 | D:6      | Found an ancient bone altar of Kikubaaqudgha.
  5654 | D:6      | Found a basalt altar of Yredelemnul.
  5654 | D:6      | Found a transporter.
  5654 | D:6      | Noticed Menkaure
  5658 | D:6      | Killed Menkaure
  5659 | D:6      | Gained mutation: You are partially covered in rugged brown
                  | scales. (AC +1, +3% HP) [demonic ancestry]
  5659 | D:6      | Reached XP level 9. HP: 71/71 MP: 5/9
  5671 | D:6      | Reached skill level 7 in Armour
  5675 | D:6      | HP: 4/106 [something (8)]
  5675 | D:6      | Slain by a vampire

Illustrated notes

Levels and vault maps discovered:
D:1:      sevenhm_arrival_forest_fort_small_5, layout_basic, serial_shops, shop
D:2:      layout_loops_ring, minmay_split_cup_large
D:3:      layout_rooms, uniq_robin, uniq_ijyb
D:4:      nicolae_cairo_tiling_very_big, layout_gridville, serial_shops, shop,
          uniq_natasha, uniq_edmund
D:5:      layout_rooms, minmay_misc_feat_secret_circle
D:6:      layout_layer_cave, gammafunk_temple_of_torment,
          cheibrodos_sewer_entry_sluice

Skill      XL: |  1  2  3  4  5  6  7  8  9 |
---------------+----------------------------+-----
Stealth        | 1 2 |  2.0
Fighting       | 3 4 6 |  6.0
Armour         | 2 3 5 6 7 |  7.4
Axes           | 3 6 |  6.0
Short Blades   | |  2.6
Throwing       | |  1.7
Dodging        | |  2.6

Action                   |  1- 3 |  4- 6 |  7- 9 || total
-------------------------+-------+-------+-------++-------
Melee: Rapier            |    71 |    82 |       ||   153
       Punch             |     1 |     4 |     1 ||     6
       Dagger            |       |    19 |       ||    19
       Trident           |       |    50 |     4 ||    54
       Hand axe          |       |       |   163 ||   163
Throw: Throwing net      |       |     3 |       ||     3
       Javelin           |       |       |     1 ||     1
Evoke: Wand              |       |     2 |       ||     2
  Use: Scroll            |     6 |     3 |     7 ||    16
       Potion            |       |       |     4 ||     4
 Stab: Sleeping          |     4 |     2 |     1 ||     7
       Paralysed         |       |    12 |       ||    12
Armor: Leather armour    |    12 |       |       ||    12
       Ring mail         |       |    61 |    49 ||   110
       Skin              |       |       |   111 ||   111
Dodge: Dodged            |    37 |    90 |    97 ||   224

Table legend: (Time is in decaauts)
 A = Elapsed time spent in this place.
 B = Non-inter-level travel time spent in this place.
 C = Inter-level travel time spent in this place.
 D = Time resting spent in this place.
 E = Time spent auto-exploring this place.
 F = Levels seen in this place.
 G = Mean time per level.
                   A        B        C        D        E       F      G
               +--------+--------+--------+--------+--------+-----+--------+
         Total |   5941 |   5797 |    144 |    970 |   3628 |   7 |  848.7 |
       Dungeon |   4937 |   4793 |    144 |    970 |   2909 |   6 |  822.8 |
         Sewer |   1004 |   1004 |      0 |      0 |    718 |   1 | 1004.0 |
               +--------+--------+--------+--------+--------+-----+--------+

Top non-repeatable levels by time:
     D:2: 1406 daAuts
     D:4: 1246 daAuts
   Sewer: 1004 daAuts
     D:1: 979 daAuts
     D:5: 736 daAuts
     D:3: 513 daAuts
     D:6: 55 daAuts
